 Dungeon Crawl Stone Soup version 0.31-a0-162-gc4c5a43528 (webtiles) character file.

Game seed: 15168976321670144979

24263 qw the Marksgargoyle (level 13, 0/84 HPs)
             Began as a Gargoyle Hunter on June 12, 2023.
             Was a High Priest of Okawaru.
             Slain by a hell rat (6 damage)
             ... on level 4 of the Lair of Beasts.
             The game lasted 00:05:02 (10230 turns).

qw the Marksgargoyle (Gargoyle Hunter)             Turns: 10230, Time: 00:05:03

Health: 0/84       AC: 27    Str: 17    XL:     13   Next: 12%
Magic:  20/20      EV: 17    Int: 10    God:    Okawaru [*****.]
Gold:   721        SH:  0    Dex: 17    Spells: 12/12 levels left

rFire   . . .        i - +1 arbalest
rCold   . . .        (shield currently unavailable)
rNeg    + + .        a - +0 troll leather armour
rPois   inf          r - +0 helmet
rElec   +            (no cloak)
rCorr   .            j - +2 pair of gloves
SInv    +            n - +2 pair of boots
Will    .....        v - amulet of faith
Stlth   ++           f - ring "Retsau" {Wiz rN+ Str+3 SInv Stlth-}
HPRegen 1.14/turn    (no ring)
MPRegen 0.17/turn

%: faith, wizardry (x1)
@: heroic
A: sickness immunity, AC +9, negative energy resistance 1, electricity
resistance, torment resistance 1, petrification resistance, iridescent scales 2,
weak 1
a: Renounce Religion, Heroism, Finesse, Duel


You were on level 4 of the Lair of Beasts.
You worshipped Okawaru.
Okawaru was extremely pleased with you.
You visited 3 branches of the dungeon, and saw 16 of its levels.
You also visited: Sewer.

You collected 721 gold pieces.


Innate Abilities, Weirdness & Mutations

You are immune to sickness and miasma.
Your stone body is resilient. (AC +9)
You are immune to poison.
You resist negative energy. (rN+)
You are resistant to electric shocks. (rElec)
You are resistant to unholy torment.
You are immune to petrification.
You are mostly covered in iridescent scales. (AC +4)
You are weak. (Str -2)


   Skills:
 + Level 10.9(15.9) Fighting
 - Level 16.0(21.0) Ranged Weapons
 - Level 5.0(10.0) Armour
 - Level 5.0(10.0) Dodging
 - Level 1.1(6.1) Stealth
 - Level 10.0 Invocations


You had 12 spell levels left.
You didn't know any spells.
Your spell library was empty.

Inventory:

Hand Weapons
 i - a +1 arbalest (weapon)
Armour
 a - a +0 troll leather armour (worn)
 j - a +2 pair of gloves (worn)
 n - a +2 pair of boots (worn)
 r - a +0 helmet (worn)
 s - a +2 robe of cold resistance
Jewellery
 f - the ring "Retsau" (left hand) {Wiz rN+ Str+3 SInv Stlth-}
   (You found it on level 2 of the Dungeon)

   [ring of wizardry]

   It improves your spell success rate.
   Str:       It affects your strength (+3).
   rN:        It protects you from negative energy.
   SInv:      It lets you see invisible.
   Stlth:     It makes you less stealthy.
 k - a ring of fire
 t - a ring of ice
 v - an amulet of faith (around neck)
Scrolls
 h - 5 scrolls of identify
Potions
 d - 2 potions of resistance
 e - a potion of cancellation
 g - 5 potions of might
 l - 3 potions of haste
 m - 4 potions of curing
 o - 4 potions of attraction
 p - a potion of lignification
 q - 4 potions of mutation

Dungeon Overview and Level Annotations

Branches:
Dungeon (11/15)            Temple (1/1) D:5            Lair (4/5) D:10
  Swamp (0/4) Lair:3       Spider (0/4) Lair:2        Sewer (visited)
  Slime: Lair:4-5       Orc: D:9-12

Altars:
Ashenzari
Dithmenos
Elyvilon
Fedhas
Gozag
Hepliaklqana
Kikubaaqudgha
Makhleb
Nemelex Xobeh
Okawaru
Qazlal
Ru
Sif Muna
Trog
Uskayaw
Vehumet
Wu Jian
Yredelemnul
Zin
The Shining One

Shops:
D:3 :   D:5 =


Message History

The hell rat bites you! The blink frog barely misses you.
The hell rat barely misses you.
The blink frog blinks!
The hell rat closely misses you.
You shoot a bolt. The bolt hits the blink frog.
The blink frog is lightly wounded.
The bullfrog closely misses you. The hell rat bites you.
The hell rat bites you but does no damage.
The blink frog blinks!
The hell rat completely misses you. The hell rat misses you.
The bullfrog hits you but does no damage.
The hell rat barely misses you.
You shoot a bolt. The bolt hits the blink frog.
The blink frog is lightly wounded.
The hell rat bites you but does no damage.
The blink frog blinks!
The hell rat bites you. The hell rat barely misses you. x2
The blink frog barely misses you.
The hell rat bites you but does no damage. x2
The hell rat misses you. x2; The hell rat barely misses you.
You shoot a bolt.
The bolt hits the blink frog but does no damage.
The blink frog is lightly wounded.
The blink frog blinks!
The blink frog hits you. The hell rat misses you.
The hell rat completely misses you. x2; The blink frog blinks!
The hell rat bites you but does no damage. x2
You shoot a bolt. The bolt hits the blink frog!
You kill the blink frog!
Okawaru accepts your kill. The hell rat bites you!
The blink frog blinks!
The hell rat misses you. The hell rat closely misses you.
The hell rat bites you but does no damage.
The hell rat misses you. The hell rat closely misses you.
You shoot a bolt. The bolt hits the hell rat.
The hell rat is moderately wounded.
The blink frog blinks!
The hell rat bites you but does no damage.
The bullfrog hits you but does no damage.
The hell rat closely misses you.
The hell rat bites you but does no damage. x3
The bullfrog misses you. The hell rat bites you.
You die...

. . . . ..
##.#### .#
...##.#.P.##.#.
...........¤...
...............
#....¤rr......
#...r@r..F...
#...%rF....F.
#....%.F.¤.[.
#.............
...............
........$......
......#####P...
.....# #.#.


You could see 3 blink frogs, a bullfrog and 5 hell rats.

Vanquished Creatures
  Gastronok (Lair:3)
  Fannar (Lair:1)
  A hydra (Lair:3)
  A two-headed ogre (D:8)
  A bog body (Lair:3)
  5 elephants (Lair:3)
  2 black mambas
  13 cane toads
  2 rime drakes
  4 komodo dragons
  2 trolls
  Grinder (D:3)
  14 blink frogs
  7 dream sheep (Lair:3)
  16 yaks
  A wyvern (Lair:3)
  2 basilisks
  A redback (Lair:2)
  Menkaure (D:4)
  3 wargs (D:10)
  A swamp worm (Lair:3)
  7 water moccasins
  4 orc warriors
  5 ice beasts
  2 sky beasts
  A black bear (Lair:3)
  2 ogres (D:6)
  2 centaurs (D:8)
  2 phantoms
  13 bullfrogs
  A gnoll sergeant (D:8)
  A scorpion (D:6)
  16 killer bees
  6 howler monkeys
  7 electric eels
  4 hounds
  6 orc priests
  8 jellies
  An iguana (D:7)
  3 orc wizards
  7 hell rats
  A statue (D:3)
  8 gnolls
  A river rat (Sewer)
  8 adders
  3 white imps
  3 worms (D:2)
  3 dart slugs
  23 orcs
  8 bats
  15 endoplasms
  9 giant cockroaches
  11 goblins
  3 hobgoblins
  6 jackals (D:1)
  9 kobolds
  9 quokkas
  9 ball pythons
  13 frilled lizards
  9 rats
329 creatures vanquished.

Notes
Turn   | Place    | Note
-------+----------+-------------------------------------------
     0 | D:1      | qw the Gargoyle Hunter began the quest for the Orb.
     0 | D:1      | Reached XP level 1. HP: 12/12 MP: 1/1
     0 | D:1      | 0 ||| qw: Version: 0.2-a-29-gc1b59c4
     0 | D:1      | 0 ||| qw: Game counter: 4392
     0 | D:1      | 0 ||| qw: Always use a shield: true
     0 | D:1      | 0 ||| qw: God list: Okawaru
     0 | D:1      | 0 ||| qw: Allow faded altars: false
     0 | D:1      | 0 ||| qw: Do Orc after D:15 true
     0 | D:1      | 0 ||| qw: Do second Lair branch before Depths: true
     0 | D:1      | 0 ||| qw: Lair rune preference: random
     0 | D:1      | 0 ||| qw: Plans: Normal, Zot:1-4, Slime:5, God:TSO, Crypt,
                  | Tomb, Abyss, Pan, Hells, Win
     0 | D:1      | 0 ||| PLANNING D:1-11
    94 | D:1      | Reached XP level 2. HP: 17/17 MP: 2/2
   231 | D:1      | Reached XP level 3. HP: 21/21 MP: 3/3
   248 | D:1      | Reached skill level 5 in Ranged Weapons
   602 | D:1      | 602 ||| FLEEEEING.
   606 | D:1      | 606 ||| FLEEEEING.
   607 | D:1      | 607 ||| FLEEEEING.
   643 | D:1      | 643 ||| UPGRADING to +0 ring mail.
   653 | D:1      | 653 ||| DROPPING +0 leather armour.
   654 | D:1      | 654 ||| READING scroll labelled LEBEMI RUESUOHO.
   655 | D:1      | 655 ||| READING scroll labelled QODISO NIENIRGH.
   656 | D:1      | 656 ||| READING scroll labelled UDEJUN FIDAI.
   757 | D:1      | 757 ||| READING scroll labelled ONTUOTZOAT.
   758 | D:1      | 758 ||| READING 3 scrolls labelled YFOG QUHORAO.
   759 | D:1      | 759 ||| DROPPING scroll of butterflies.
   760 | D:1      | 760 ||| DROPPING 2 scrolls of vulnerability.
   811 | D:2      | HP: 4/22 [worm (5)]
   909 | D:2      | Reached skill level 1 in Armour
   909 | D:2      | Reached XP level 4. HP: 27/27 MP: 4/4
   939 | D:2      | Reached skill level 3 in Fighting
   989 | D:2      | Found a hazy altar of Hepliaklqana.
  1102 | D:2      | Identified the +5 sling "Fuwudd" {freeze, +Blink rC+ Int+2
                  | Dex+3}
  1104 | D:2      | 1104 ||| SWAPPING to +5 sling "Fuwudd" {freeze, +Blink rC+
                  | Int+2 Dex+3}.
  1193 | D:2      | Reached XP level 5. HP: 27/32 MP: 5/5
  1749 | D:2      | Identified the ring "Retsau" {Wiz rN+ Str+3 SInv Stlth-}
  1798 | D:2      | Reached skill level 6 in Ranged Weapons
  1902 | D:2      | 1902 ||| UPGRADING to ring "Retsau" {Wiz rN+ Str+3 SInv
                  | Stlth-}.
  1903 | D:2      | 1903 ||| READING scroll labelled SAODWOITTOFF.
  1908 | D:2      | 1908 ||| READING scroll labelled BITROWNUMI.
  1909 | D:2      | 1909 ||| DRINKING 2 bubbling clear potions.
  1947 | D:3      | 1947 ||| PLANNING SEWER
  2041 | D:3      | Found a glowing drain.
  2043 | D:3      | 2043 ||| READING scroll labelled MUIPPY GIYTT.
  2063 | D:3      | 2063 ||| READING scroll labelled QACSEL QUQEROM.
  2066 | D:3      | 2066 ||| Stepping ~*~*~tactically~*~*~ (water).
  2076 | Sewer    | Entered a sewer
  2135 | Sewer    | 2135 ||| Stepping ~*~*~tactically~*~*~ (water).
  2146 | Sewer    | 2146 ||| Stepping ~*~*~tactically~*~*~ (water).
  2165 | Sewer    | 2165 ||| Stepping ~*~*~tactically~*~*~ (water).
  2170 | Sewer    | 2170 ||| Stepping ~*~*~tactically~*~*~ (water).
  2173 | Sewer    | Reached XP level 6. HP: 39/39 MP: 6/6
  2194 | Sewer    | 2194 ||| Stepping ~*~*~tactically~*~*~ (water).
  2205 | Sewer    | 2205 ||| Stepping ~*~*~tactically~*~*~ (water).
  2228 | Sewer    | Found a shimmering altar of Xom.
  2259 | Sewer    | 2259 ||| READING 2 scrolls labelled ESITTO JERHUDUER.
  2260 | Sewer    | 2260 ||| DRINKING 3 coppery potions.
  2274 | D:3      | 2274 ||| PLANNING D:1-11
  2304 | D:3      | Found a radiant altar of Vehumet.
  2428 | D:3      | Found a faded altar of an unknown god.
  2456 | D:3      | Found Miewna's Book Emporium.
  2554 | D:3      | Noticed Grinder
  2567 | D:3      | Paralysed by Grinder for 3 turns
  2574 | D:3      | Paralysed by Grinder for 3 turns
  2579 | D:3      | Killed Grinder
  2580 | D:3      | Reached skill level 7 in Ranged Weapons
  2580 | D:3      | Reached XP level 7. HP: 36/44 MP: 7/7
  2790 | D:3      | 2790 ||| READING scroll labelled ROKKUCHE HUICKIU.
  2791 | D:3      | 2791 ||| DRINKING 2 fuming emerald potions.
  2893 | D:4      | Reached skill level 8 in Ranged Weapons
  3032 | D:4      | Noticed Menkaure
  3038 | D:4      | Killed Menkaure
  3039 | D:4      | Reached XP level 8. HP: 48/49 MP: 8/8
  3074 | D:4      | Found a glowing golden altar of the Shining One.
  3333 | D:4      | 3333 ||| READING scroll labelled YDUFAW EKHA.
  3334 | D:4      | 3334 ||| DRINKING 3 yellow potions.
  3358 | D:5      | Entered Level 5 of the Dungeon
  3409 | D:5      | Found a broken altar of Ashenzari.
  3646 | D:5      | Found Vugeom's Jewellery Shoppe.
  3656 | D:5      | 3656 ||| SHOPLISTING +4 ring of protection (468 gold, have
                  | 276).
  3656 | D:5      | 3656 ||| SHOPLISTING +5 ring of evasion (468 gold, have
                  | 276).
  3656 | D:5      | 3656 ||| SHOPLISTING amulet of faith (520 gold, have 276).
  3656 | D:5      | 3656 ||| SHOPLISTING amulet of the acrobat (390 gold, have
                  | 276).
  3656 | D:5      | 3656 ||| SHOPLISTING ring "Tuxkof" {AC+4 Stlth+} (595 gold,
                  | have 276).
  3656 | D:5      | 3656 ||| SHOPLISTING ring of willpower (325 gold, have
                  | 276).
  3751 | D:5      | Found a staircase to the Ecumenical Temple.
  3752 | D:5      | 3752 ||| PLANNING TEMPLE
  3752 | D:5      | 3752 ||| UPGRADING to +1 pair of boots.
  3765 | Temple   | Entered the Ecumenical Temple
  3788 | Temple   | 3788 ||| PLANNING OKAWARU WORSHIP
  3818 | Temple   | Became a worshipper of Warmaster Okawaru
  3818 | Temple   | 3818 ||| PLANNING D:1-11
  3948 | D:6      | Found a bloodstained altar of Trog.
  4014 | D:6      | Reached skill level 9 in Ranged Weapons
  4031 | D:6      | Reached skill level 6 in Fighting
  4207 | D:6      | Reached * piety under Okawaru
  4208 | D:6      | 4208 ||| INVOKING Heroism.
  4507 | D:6      | Reached skill level 10 in Ranged Weapons
  4554 | D:6      | 4554 ||| READING scroll of enchant armour.
  4554 | D:6      | 4554 ||| ENCHANTING +1 pair of boots.
  4600 | D:6      | Reached XP level 9. HP: 53/55 MP: 9/9
  4786 | D:6      | Reached skill level 3 in Dodging
  4789 | D:6      | 4789 ||| UPGRADING to +0 helmet.
  4794 | D:6      | 4794 ||| READING 3 scrolls of identify.
  4794 | D:6      | 4794 ||| IDENTIFYING glowing black potion
  4795 | D:6      | 4795 ||| READING 2 scrolls of identify.
  4795 | D:6      | 4795 ||| IDENTIFYING fuming brown potion
  4839 | D:7      | Found a shimmering blue altar of Sif Muna.
  4854 | D:7      | Reached skill level 3 in Armour
  4906 | D:7      | Reached skill level 1 in Invocations
  4968 | D:7      | 4968 ||| INVOKING Heroism.
  4974 | D:7      | Reached skill level 3 in Invocations
  4985 | D:7      | 4985 ||| INVOKING Heroism.
  4999 | D:7      | Reached ** piety under Okawaru
  5014 | D:7      | HP: 14/57 [ice beast (4)]
  5015 | D:7      | Reached skill level 11 in Ranged Weapons
  5015 | D:7      | 5015 ||| READING scroll of teleportation.
  5016 | D:7      | 5016 ||| DRINKING 2 potions of heal wounds.
  5020 | D:7      | Reached XP level 10. HP: 29/63 MP: 11/13
  5415 | D:7      | 5415 ||| READING scroll labelled GOGHIU DUOC.
  5416 | D:7      | 5416 ||| DRINKING 2 sedimented orange potions.
  5417 | D:7      | 5417 ||| DRINKING 2 fuming red potions.
  5417 | D:7      | Gained mutation: You are partially covered in iridescent
                  | scales. (AC +2) [potion of mutation]
  5417 | D:7      | Gained mutation: You are weak. (Str -2) [potion of
                  | mutation]
  5417 | D:7      | Gained mutation: You are mostly covered in iridescent
                  | scales. (AC +4) [potion of mutation]
  5418 | D:7      | 5418 ||| READING 2 scrolls of identify.
  5418 | D:7      | 5418 ||| IDENTIFYING grey potion
  5419 | D:7      | 5419 ||| DROPPING potion of enlightenment.
  5420 | D:7      | 5420 ||| DROPPING potion of invisibility.
  5443 | D:8      | Noticed a two-headed ogre
  5444 | D:8      | 5444 ||| INVOKING Heroism.
  5449 | D:8      | Killed a two-headed ogre
  5639 | D:8      | 5639 ||| SWAPPING to +0 orcbow.
  5640 | D:8      | 5640 ||| DROPPING +0 shortbow.
  5641 | D:8      | 5641 ||| READING scroll of enchant weapon.
  5641 | D:8      | 5641 ||| ENCHANTING +0 orcbow.
  5718 | D:8      | 5718 ||| INVOKING Heroism.
  5805 | D:8      | Reached *** piety under Okawaru
  6126 | D:8      | 6126 ||| DROPPING amulet of magic regeneration.
  6127 | D:8      | 6127 ||| READING scroll labelled XIRAEG SICYE.
  6128 | D:8      | 6128 ||| READING 2 scrolls of identify.
  6128 | D:8      | 6128 ||| IDENTIFYING red potion
  6207 | D:9      | You fall into a shaft and drop 2 floors!
  6211 | D:11     | 6211 ||| INVOKING Heroism.
  6344 | D:11     | 6344 ||| UPGRADING to +0 troll leather armour.
  6354 | D:11     | 6354 ||| DROPPING +0 ring mail.
  6363 | D:10     | Entered Level 10 of the Dungeon
  6364 | D:10     | 6364 ||| INVOKING Heroism.
  6373 | D:10     | Reached skill level 12 in Ranged Weapons
  6463 | D:10     | 6463 ||| INVOKING Heroism.
  6543 | D:10     | 6543 ||| SWAPPING to +0 arbalest.
  6544 | D:10     | 6544 ||| DROPPING +1 orcbow.
  6547 | D:10     | Found a staircase to the Lair.
  6566 | D:10     | 6566 ||| INVOKING Heroism.
  6567 | D:10     | 6567 ||| READING 3 scrolls of identify.
  6567 | D:10     | 6567 ||| IDENTIFYING black potion
  6572 | D:10     | 6572 ||| Stepping ~*~*~tactically~*~*~ (outnumbered).
  6590 | D:10     | 6590 ||| INVOKING Heroism.
  6704 | D:10     | 6704 ||| UPGRADING to +2 pair of gloves.
  6709 | D:10     | 6709 ||| DROPPING potion of degeneration.
  6717 | D:9      | 6717 ||| INVOKING Heroism.
  6895 | D:9      | 6895 ||| INVOKING Heroism.
  6898 | D:9      | 6898 ||| Stepping ~*~*~tactically~*~*~ (outnumbered).
  6901 | D:9      | 6901 ||| Stepping ~*~*~tactically~*~*~ (outnumbered).
  6912 | D:9      | Reached skill level 13 in Ranged Weapons
  6919 | D:9      | Reached skill level 9 in Fighting
  6920 | D:9      | 6920 ||| INVOKING Heroism.
  7313 | D:9      | 7313 ||| INVOKING Heroism.
  7318 | D:9      | Reached XP level 11. HP: 71/71 MP: 11/14
  7547 | D:9      | 7547 ||| PLANNING LAIR
  7647 | Lair:1   | Entered Level 1 of the Lair of Beasts
  7654 | Lair:1   | 7654 ||| READING scroll of enchant weapon.
  7654 | Lair:1   | 7654 ||| ENCHANTING +0 arbalest.
  7655 | Lair:1   | 7655 ||| DROPPING +5 sling "Fuwudd" {freeze, +Blink rC+
                  | Int+2 Dex+3}.
  7705 | Lair:1   | 7705 ||| INVOKING Heroism.
  7729 | Lair:1   | 7729 ||| INVOKING Heroism.
  7802 | Lair:1   | 7802 ||| INVOKING Heroism.
  7913 | Lair:1   | 7913 ||| INVOKING Heroism.
  7919 | Lair:1   | Reached skill level 14 in Ranged Weapons
  7954 | Lair:1   | 7954 ||| INVOKING Heroism.
  8116 | Lair:1   | Noticed Fannar
  8120 | Lair:1   | 8120 ||| INVOKING Heroism.
  8134 | Lair:1   | Killed Fannar
  8139 | Lair:1   | Reached **** piety under Okawaru
  8336 | Lair:1   | 8336 ||| READING 4 scrolls of identify.
  8336 | Lair:1   | 8336 ||| IDENTIFYING fizzy dark potion
  8348 | Lair:2   | 8348 ||| INVOKING Heroism.
  8365 | Lair:2   | 8365 ||| INVOKING Heroism.
  8385 | Lair:2   | 8385 ||| INVOKING Heroism.
  8480 | Lair:2   | 8480 ||| INVOKING Heroism.
  8513 | Lair:2   | 8513 ||| INVOKING Heroism.
  8546 | Lair:2   | 8546 ||| INVOKING Heroism.
  8558 | Lair:2   | Reached XP level 12. HP: 53/77 MP: 13/16
  8571 | Lair:2   | 8571 ||| INVOKING Heroism.
  8573 | Lair:2   | Reached skill level 15 in Ranged Weapons
  8578 | Lair:2   | Reached skill level 6 in Invocations
  8801 | Lair:2   | 8801 ||| INVOKING Heroism.
  8903 | Lair:2   | Found a hole to the Spider Nest.
  9066 | Lair:2   | 9066 ||| UPGRADING to amulet of faith.
  9071 | Lair:2   | 9071 ||| READING 3 scrolls of identify.
  9071 | Lair:2   | 9071 ||| IDENTIFYING cyan potion
  9072 | Lair:2   | 9072 ||| DROPPING potion of ambrosia.
  9124 | Lair:3   | Received a gift from Okawaru
  9141 | Lair:3   | 9141 ||| FLEEEEING.
  9143 | Lair:3   | 9143 ||| FLEEEEING.
  9144 | Lair:3   | 9144 ||| FLEEEEING.
  9205 | Lair:3   | 9205 ||| INVOKING Heroism.
  9226 | Lair:3   | 9226 ||| INVOKING Heroism.
  9378 | Lair:3   | Noticed an eight-headed hydra
  9380 | Lair:3   | 9380 ||| INVOKING Heroism.
  9397 | Lair:3   | HP: 13/77 [eight-headed hydra (8)]
  9398 | Lair:3   | 9398 ||| READING scroll of teleportation.
  9399 | Lair:3   | 9399 ||| DRINKING 2 potions of heal wounds.
  9491 | Lair:3   | 9491 ||| INVOKING Heroism.
  9495 | Lair:3   | Killed an eight-headed hydra
  9685 | Lair:3   | 9685 ||| INVOKING Heroism.
  9689 | Lair:3   | Reached ***** piety under Okawaru
  9725 | Lair:3   | 9725 ||| INVOKING Heroism.
  9753 | Lair:3   | Reached skill level 9 in Invocations
  9781 | Lair:3   | Noticed Gastronok
  9782 | Lair:3   | 9782 ||| INVOKING Heroism.
  9802 | Lair:3   | Killed Gastronok
  9861 | Lair:3   | 9861 ||| INVOKING Heroism.
  9865 | Lair:3   | Reached XP level 13. HP: 82/82 MP: 17/20
  9885 | Lair:3   | Found a staircase to the Swamp.
  9889 | Lair:3   | Reached skill level 16 in Ranged Weapons
 10195 | Lair:4   | 10195 ||| INVOKING Heroism.
 10217 | Lair:4   | HP: 14/83 [hell rat (12)]
 10218 | Lair:4   | 10218 ||| DRINKING potion of heal wounds.
 10225 | Lair:4   | HP: 20/84 [hell rat (8)]
 10229 | Lair:4   | HP: 4/84 [hell rat (9)]
 10230 | Lair:4   | Slain by a hell rat

Levels and vault maps discovered:
D:1:      minmay_arrival_solitary_statue, layout_rooms
D:2:      minmay_razor_zed, layout_loops_corners, basic_altar
D:3:      wander_river, layout_basic, vehumet_statue, portal_sewer_entry_f,
          dreamdust_ecumenical_altar_grove, serial_shops, shop,
          grunt_ministairs_9, minmay_misc_feat_ornament, uniq_grinder
D:4:      layout_cave_pools, mainiacjoe_overflow_six_doors_small, uniq_menkaure
D:5:      layout_rooms, nicolae_ashenzari_panopticon, minmay_temple_entry_mist,
          serial_shops, nicolae_shop_tiny_waterfront
D:6:      layout_basic, mainiacjoe_overflow_alcove_2, kennysheep_generic_room_7
D:7:      layout_cave_pools, mainiacjoe_overflow_cross_hatched,
          small_statue_intersection
D:8:      layout_basic
D:9:      layout_layer_cave, chequers_serial_rivers_room_b
D:10:     layout_roguey, mainiacjoe_overflow_large_starburst,
          erik_lair_orcish_takeover, serial_bayou_lake_a
D:11:     layout_layer_cave, zombieorc2_lemuel
Temple:   eino_wide_crystal_templ
Lair:1:   layout_hall_layers, grunt_megastairs_3, uniq_fannar
Lair:2:   layout_cave_shapes, spider_nest_entry_webs, infiniplex_staircase_pool,
          lemuel_fruit_fields
Lair:3:   layout_big_grid, nicolae_swamp_entry_splash_gauntlet,
          nicolae_quartered_pool_impasse, grunt_megastairs_4,
          serial_bayou_shore_b, uniq_gastronok
Lair:4:   layout_long_grid

Skill      XL: |  1  2  3  4  5  6  7  8  9 10 11 12 13 |
---------------+----------------------------------------+-----
Ranged Weapons | 5 6 7 8 10 11 13 14 15 16 | 16.0
Armour         | 1 2 3 4 5 |  5.0
Fighting       | 3 4 5 6 7 9 10 | 10.9
Dodging        | 2 3 4 5 |  5.0
Invocations    | 4 5 9 10 | 10.0
Stealth        | |  1.1

Action                     |  1- 3 |  4- 6 |  7- 9 | 10-12 | 13-15 || total
---------------------------+-------+-------+-------+-------+-------++-------
   Fire: Shortbow          |   134 |    19 |       |       |       ||   153
         Sling             |       |   165 |   237 |    29 |       ||   431
         Orcbow            |       |       |       |   145 |       ||   145
         Arbalest          |       |       |       |   465 |    47 ||   512
 Invoke: Heroism           |       |       |     3 |    33 |     1 ||    37
    Use: Scroll            |     5 |     5 |     6 |    10 |       ||    26
         Potion            |       |     2 |     3 |     3 |     1 ||     9
 Armour: Leather armour    |    25 |       |       |       |       ||    25
         Ring mail         |    14 |    14 |    45 |    25 |       ||    98
         Troll leather arm |       |       |       |   279 |    75 ||   354
  Dodge: Dodged            |    56 |    22 |   102 |   476 |   177 ||   833

Table legend:
 A = Non-vault XP
 B = Vault XP
 C = Vault XP percentage of total XP
 D = Non-vault monster count
 E = Vault monster count
 F = Vault count percentage of total count
                 A         B        C        D         E       F
            +---------+---------+-------+---------+---------+-------
      Total |   28538 |    6124 |  17.7 |     254 |      75 |  22.8
            +---------+---------+-------+---------+---------+-------
        D:1 |      64 |       0 |   0.0 |      37 |       0 |   0.0
        D:2 |     120 |      37 |  23.6 |      21 |      14 |  40.0
        D:3 |      36 |     313 |  89.7 |      14 |       9 |  39.1
        D:4 |     212 |     172 |  44.8 |      13 |       1 |   7.1
        D:5 |     245 |       0 |   0.0 |       6 |       0 |   0.0
        D:6 |     975 |      90 |   8.5 |      16 |       1 |   5.9
        D:7 |    2147 |       0 |   0.0 |      17 |       0 |   0.0
        D:8 |    1643 |       0 |   0.0 |      16 |       0 |   0.0
        D:9 |     907 |       0 |   0.0 |      14 |       0 |   0.0
       D:10 |    1275 |     609 |  32.3 |      24 |       8 |  25.0
       D:11 |     312 |       0 |   0.0 |       1 |       0 |   0.0
     Lair:1 |    3784 |    1407 |  27.1 |      17 |       3 |  15.0
     Lair:2 |    4736 |     188 |   3.8 |      17 |       1 |   5.6
     Lair:3 |    9918 |    3043 |  23.5 |      32 |      12 |  27.3
     Lair:4 |    2164 |       0 |   0.0 |       9 |       0 |   0.0
      Sewer |       0 |     265 | 100.0 |       0 |      26 | 100.0
            +---------+---------+-------+---------+---------+-------
